TOP OF THE 1ST |
Duluth-Superior Dukes batting - Pitching for Watertown Bucks : LHP William Demo
|
Pitching: LHP William Demo
|
|
Batting: RHB Ricky Sheetz
|
0-0: Fly out, F8 (Flyball, 8LM, EV 89.4 MPH)
|
Batting: LHB Ralph Bryant
|
0-0: Called Strike 0-1: Foul Ball, location: 2F 0-2: Fly out, F9 (Flyball, 9D, EV 89.4 MPH)
|
Batting: LHB Ron Henika
|
0-0: Foul Ball, location: 2F 0-1: Swinging Strike 0-2: Strikes out swinging
|
Top of the 1st over - 0 runs, 0 hits, 0 errors, 0 left on base; Duluth-Superior 0 - Watertown 0 |
BOTTOM OF THE 1ST |
Watertown Bucks batting - Pitching for Duluth-Superior Dukes : RHP William Mills
|
Pitching: RHP William Mills
|
|
Batting: SHB Luis Rivera
|
0-0: Fly out, F8 (Flyball, 89M, EV 92.5 MPH)
|
Batting: RHB Robert Tanzi
|
0-0: Called Strike 0-1: Ground out U3 (Groundball, 23, EV 77.5 MPH)
|
Batting: LHB Greg Guin
|
0-0: Foul Ball, location: 2F 0-1: Fly out, F8 (Flyball, 8RM, EV 82.5 MPH)
|
Bottom of the 1st over - 0 runs, 0 hits, 0 errors, 0 left on base; Duluth-Superior 0 - Watertown 0 |
TOP OF THE 2ND |
Duluth-Superior Dukes batting - Pitching for Watertown Bucks : LHP William Demo
|
Batting: RHB Dave Hengel
|
0-0: Hit by Pitch
|
Batting: RHB Joseph Maloney
|
0-0: Swinging Strike 0-1: Swinging Strike 0-2: Foul Ball, location: 2F 0-2: Ball 1-2: Foul Ball, location: 2F 1-2: Ball 2-2: Foul Ball, location: 2F 2-2: Ball 3-2: Foul Ball, location: 2F 3-2: Strikes out looking
|
Batting: RHB Jim Ferguson
|
0-0: Ball 1-0: Ball 2-0: Called Strike 2-1: Called Strike 2-2: Ball 3-2: Foul Ball, location: 2F 3-2: Foul Ball, location: 2F 3-2: Base on Balls Dave Hengel to second
|
Batting: RHB Cecil Whitehead
|
0-0: Grounds into double play, 5-4-3 (Groundball, 5, EV 83.1 MPH)
|
Top of the 2nd over - 0 runs, 0 hits, 0 errors, 1 left on base; Duluth-Superior 0 - Watertown 0 |
BOTTOM OF THE 2ND |
Watertown Bucks batting - Pitching for Duluth-Superior Dukes : RHP William Mills
|
Batting: RHB Richard Plautz
|
0-0: Called Strike 0-1: Fly out, F7 (Line Drive, 7, EV 91.3 MPH)
|
Batting: LHB Manuel Vigil
|
0-0: Ball 1-0: Called Strike 1-1: Ground out 5-3 (Groundball, 25, EV 78.8 MPH)
|
Batting: RHB Eugene Cattane
|
0-0: Called Strike 0-1: Called Strike 0-2: Ball 1-2: Fly out, F8 (Flyball, 8RM, EV 89.4 MPH)
|
Bottom of the 2nd over - 0 runs, 0 hits, 0 errors, 0 left on base; Duluth-Superior 0 - Watertown 0 |
TOP OF THE 3RD |
Duluth-Superior Dukes batting - Pitching for Watertown Bucks : LHP William Demo
|
Batting: RHB Hector Cervantes
|
0-0: Ball 1-0: Called Strike 1-1: Ball 2-1: Fly out, F5 (Line Drive, 5, EV 71.9 MPH)
|
Batting: RHB Everette Smith
|
0-0: Ball 1-0: Called Strike 1-1: Called Strike 1-2: Strikes out looking
|
Batting: RHB Ricky Sheetz
|
0-0: Ball 1-0: Ball 2-0: Ball 3-0: Base on Balls
|
Batting: LHB Ralph Bryant
|
0-0: Ball 1-0: Swinging Strike 1-1: Ball 2-1: Foul Ball, location: 2F 2-2: Strikes out swinging
|
Top of the 3rd over - 0 runs, 0 hits, 0 errors, 1 left on base; Duluth-Superior 0 - Watertown 0 |
BOTTOM OF THE 3RD |
Watertown Bucks batting - Pitching for Duluth-Superior Dukes : RHP William Mills
|
Batting: RHB Sebastiano Borriello
|
0-0: Ball 1-0: Called Strike 1-1: Ball 2-1: Ball 3-1: SOLO HOME RUN (Flyball, 7D, EV 96.3 MPH), Distance : 353 ft
|
Batting: SHB Bruce Hines
|
0-0: Ball 1-0: Called Strike 1-1: Ball 2-1: Foul Ball, location: 2F 2-2: Fly out, F8 (Flyball, 8LS, EV 90.0 MPH)
|
Batting: RHB Thomas Dimino
|
0-0: Called Strike 0-1: SINGLE (Flyball, 34D, EV 91.9 MPH)
|
Batting: SHB Luis Rivera
|
0-0: Ball 1-0: Ball 2-0: Fielders Choice at 2nd, 5-4 (Groundball, 5, EV 85.0 MPH)
|
Batting: RHB Robert Tanzi
|
0-0: Called Strike 0-1: Ball 1-1: Ball Luis Rivera steals 2nd base 2-1: Foul Ball, location: 2F 2-2: Ball 3-2: DOUBLE (Line Drive, 9LM, EV 112.5 MPH) Luis Rivera scores
|
Batting: LHB Greg Guin
|
0-0: Ball 1-0: Ground out 3-1 (Groundball, 34S, EV 89.4 MPH)
|
Bottom of the 3rd over - 2 runs, 3 hits, 0 errors, 1 left on base; Duluth-Superior 0 - Watertown 2 |
TOP OF THE 4TH |
Duluth-Superior Dukes batting - Pitching for Watertown Bucks : LHP William Demo
|
Batting: LHB Ron Henika
|
0-0: Called Strike 0-1: Ground out U3 (Groundball, 3S, EV 76.9 MPH)
|
Batting: RHB Dave Hengel
|
0-0: Called Strike 0-1: Foul Ball, location: 2F 0-2: Strikes out looking
|
Batting: RHB Joseph Maloney
|
0-0: Called Strike 0-1: Called Strike 0-2: Foul Ball, location: 2F 0-2: Ball 1-2: Fly out, F4 (Line Drive, 4, EV 73.8 MPH)
|
Top of the 4th over - 0 runs, 0 hits, 0 errors, 0 left on base; Duluth-Superior 0 - Watertown 2 |
BOTTOM OF THE 4TH |
Watertown Bucks batting - Pitching for Duluth-Superior Dukes : RHP William Mills
|
Batting: RHB Richard Plautz
|
0-0: Foul Ball, location: 2F 0-1: Called Strike 0-2: Fly out, F6 (Line Drive, 6, EV 63.1 MPH)
|
Batting: LHB Manuel Vigil
|
0-0: Ball 1-0: Fly out, F5 (Popup, 56S, EV 70.6 MPH)
|
Batting: RHB Eugene Cattane
|
0-0: Ball 1-0: Fly out, F8 (Flyball, 8LXD, EV 96.3 MPH)
|
Bottom of the 4th over - 0 runs, 0 hits, 0 errors, 0 left on base; Duluth-Superior 0 - Watertown 2 |
TOP OF THE 5TH |
Duluth-Superior Dukes batting - Pitching for Watertown Bucks : LHP William Demo
|
Batting: RHB Jim Ferguson
|
0-0: Ball 1-0: Swinging Strike 1-1: Fly out, F8 (Flyball, 8RD, EV 101.3 MPH)
|
Batting: RHB Cecil Whitehead
|
0-0: Foul Ball, location: 2F 0-1: Ball 1-1: Ball 2-1: Ball 3-1: Foul Ball, location: 2F 3-2: Foul Ball, location: 2F 3-2: Ground out 4-3 (Groundball, 4, EV 100.0 MPH)
|
Batting: RHB Hector Cervantes
|
0-0: Foul Ball, location: 2F 0-1: Called Strike 0-2: Ball 1-2: Foul Ball, location: 2F 1-2: Strikes out swinging
|
Top of the 5th over - 0 runs, 0 hits, 0 errors, 0 left on base; Duluth-Superior 0 - Watertown 2 |
BOTTOM OF THE 5TH |
Watertown Bucks batting - Pitching for Duluth-Superior Dukes : RHP William Mills
|
Batting: RHB Sebastiano Borriello
|
0-0: Fly out, F9 (Flyball, 89S, EV 76.9 MPH)
|
Batting: SHB Bruce Hines
|
0-0: Called Strike 0-1: Swinging Strike 0-2: Foul Ball, location: 2F 0-2: Strikes out looking
|
Batting: RHB Thomas Dimino
|
0-0: Called Strike 0-1: Ground out 2-3 (Groundball, 15S, EV 62.5 MPH)
|
Bottom of the 5th over - 0 runs, 0 hits, 0 errors, 0 left on base; Duluth-Superior 0 - Watertown 2 |
TOP OF THE 6TH |
Duluth-Superior Dukes batting - Pitching for Watertown Bucks : LHP William Demo
|
Batting: RHB Everette Smith
|
0-0: Foul Ball, location: 2F 0-1: Called Strike 0-2: Ball 1-2: Ball 2-2: Foul Ball, location: 2F 2-2: Ball 3-2: Base on Balls
|
Batting: RHB Ricky Sheetz
|
0-0: Ball 1-0: Ball 2-0: Ball 3-0: Called Strike 3-1: Called Strike 3-2: Base on Balls Everette Smith to second
|
Batting: LHB Ralph Bryant
|
0-0: Called Strike 0-1: Swinging Strike 0-2: Strikes out swinging
|
Batting: LHB Ron Henika
|
0-0: Fly out, F3 (Line Drive, 4, EV 70.6 MPH)
|
Batting: RHB Dave Hengel
|
0-0: Fielders Choice at 2nd, 6-4 (Groundball, 6, EV 84.4 MPH)
|
Top of the 6th over - 0 runs, 0 hits, 0 errors, 2 left on base; Duluth-Superior 0 - Watertown 2 |
BOTTOM OF THE 6TH |
Watertown Bucks batting - Pitching for Duluth-Superior Dukes : RHP William Mills
|
Batting: SHB Luis Rivera
|
0-0: Ball 1-0: Called Strike 1-1: Ball 2-1: Foul Ball, location: 2F 2-2: Ball 3-2: Fly out, F2 (Popup, 23F, EV 83.1 MPH)
|
Batting: RHB Robert Tanzi
|
0-0: Ball 1-0: Called Strike 1-1: Foul Ball, location: 2F 1-2: Foul Ball, location: 2F 1-2: Ground out 5-3 (Groundball, 5, EV 87.5 MPH)
|
Batting: LHB Greg Guin
|
0-0: Ground out 6-3 (Groundball, 6, EV 87.5 MPH)
|
Bottom of the 6th over - 0 runs, 0 hits, 0 errors, 0 left on base; Duluth-Superior 0 - Watertown 2 |
TOP OF THE 7TH |
Duluth-Superior Dukes batting - Pitching for Watertown Bucks : LHP William Demo
|
Batting: RHB Joseph Maloney
|
0-0: Called Strike 0-1: Foul Ball, location: 2F 0-2: Strikes out looking
|
Batting: RHB Jim Ferguson
|
0-0: Called Strike 0-1: Called Strike 0-2: SINGLE (Groundball, 6D, EV 108.8 MPH)
|
Batting: RHB Cecil Whitehead
|
0-0: Foul Ball, location: 2F 0-1: Ball 1-1: Ground out 5-3 (Groundball, 56S, EV 61.3 MPH) Jim Ferguson to second
|
Batting: RHB Hector Cervantes
|
0-0: Ball 1-0: Ball 2-0: Called Strike 2-1: Ground out 4-3 (Groundball, 4, EV 100.0 MPH)
|
Top of the 7th over - 0 runs, 1 hit, 0 errors, 1 left on base; Duluth-Superior 0 - Watertown 2 |
BOTTOM OF THE 7TH |
Watertown Bucks batting - Pitching for Duluth-Superior Dukes : RHP William Mills
|
Batting: RHB Richard Plautz
|
0-0: Called Strike 0-1: Ball 1-1: Ball 2-1: TRIPLE (Line Drive, 9LD, EV 112.5 MPH)
|
Batting: LHB Manuel Vigil
|
0-0: Intentional Walk
|
Batting: RHB Eugene Cattane
|
0-0: 3-RUN HOME RUN (Flyball, 7D, EV 101.3 MPH), Distance : 379 ft
|
Pitching: RHP Ruben Gotay
|
|
Batting: RHB Sebastiano Borriello
|
0-0: Ball 1-0: Ball 2-0: Ball 3-0: Base on Balls
|
Batting: SHB Bruce Hines
|
0-0: Called Strike 0-1: Ball 1-1: Ball 2-1: Ball 3-1: Fly out, F7 (Flyball, 7LM, EV 100.6 MPH)
|
Batting: RHB Thomas Dimino
|
0-0: Called Strike 0-1: Grounds out, U3 (Groundball, 3L, EV 98.8 MPH)
|
Batting: SHB Luis Rivera
|
0-0: Ball 1-0: Ball 2-0: Foul Ball, location: 2F 2-1: Ball 3-1: Ground out 6-3 (Groundball, 56, EV 85.6 MPH)
|
Bottom of the 7th over - 3 runs, 2 hits, 0 errors, 1 left on base; Duluth-Superior 0 - Watertown 5 |
TOP OF THE 8TH |
Duluth-Superior Dukes batting - Pitching for Watertown Bucks : LHP William Demo
|
Batting: RHB Everette Smith
|
0-0: Fly out, F8 (Flyball, 8RXD, EV 93.8 MPH)
|
Batting: RHB Ricky Sheetz
|
0-0: Called Strike 0-1: Ball 1-1: Ball 2-1: Ball 3-1: Base on Balls
|
Batting: LHB Ralph Bryant
|
0-0: Ball 1-0: Swinging Strike 1-1: Ball 2-1: Ball 3-1: Foul Ball, location: 2F 3-2: Strikes out looking
|
Batting: LHB Ron Henika
|
0-0: Ball 1-0: Called Strike 1-1: Swinging Strike 1-2: Ground out 4-3 (Groundball, 34D, EV 111.3 MPH)
|
Top of the 8th over - 0 runs, 0 hits, 0 errors, 1 left on base; Duluth-Superior 0 - Watertown 5 |
BOTTOM OF THE 8TH |
Watertown Bucks batting - Pitching for Duluth-Superior Dukes : RHP Ruben Gotay
|
Batting: RHB Robert Tanzi
|
0-0: Called Strike 0-1: Foul Ball, location: 2F 0-2: Foul Ball, location: 2F 0-2: Ball 1-2: Ball 2-2: Ball 3-2: Fly out, F4 (Line Drive, 4, EV 65.6 MPH)
|
Batting: LHB Greg Guin
|
0-0: Ball 1-0: Ball 2-0: Called Strike 2-1: Foul Ball, location: 2F 2-2: SINGLE (Groundball, 34D, EV 98.1 MPH)
|
Batting: RHB Richard Plautz
|
0-0: Fielders Choice at 2nd, 4-6 (Groundball, 4, EV 81.3 MPH)
|
Batting: LHB Manuel Vigil
|
0-0: Ball 1-0: Called Strike 1-1: Ground out 4-3 (Groundball, 4, EV 83.8 MPH)
|
Bottom of the 8th over - 0 runs, 1 hit, 0 errors, 1 left on base; Duluth-Superior 0 - Watertown 5 |
TOP OF THE 9TH |
Duluth-Superior Dukes batting - Pitching for Watertown Bucks : LHP William Demo
|
Batting: RHB Dave Hengel
|
0-0: Fly out, F8 (Flyball, 89D, EV 110.0 MPH)
|
Batting: RHB Joseph Maloney
|
0-0: Called Strike 0-1: Ball 1-1: Ball 2-1: Foul Ball, location: 2F 2-2: SINGLE (Groundball, 3D, EV 103.1 MPH)
|
Batting: RHB Jim Ferguson
|
0-0: Called Strike 0-1: SINGLE (Line Drive, 8LS, EV 96.3 MPH) Joseph Maloney to second
|
Batting: RHB Cecil Whitehead
|
0-0: Called Strike 0-1: DOUBLE (Line Drive, 9LM, EV 103.8 MPH) Joseph Maloney scores Jim Ferguson to third
|
Batting: RHB Hector Cervantes
|
0-0: Called Strike 0-1: Fly out, F8 (Flyball, 8RM, EV 87.5 MPH)
|
Batting: RHB Everette Smith
|
0-0: Fly out, F8 (Flyball, 8RD, EV 97.5 MPH)
|
Top of the 9th over - 1 run, 3 hits, 0 errors, 2 left on base; Duluth-Superior 1 - Watertown 5 |
|